 Dungeon Crawl Stone Soup version 0.28.0 (webtiles) character file.

Game seed: 9650044034487027908

68 issech the Cudgeller (level 4, -1/44 HPs)
             Began as a Troll Monk on Feb 10, 2022.
             Killed from afar by an orc wizard (9 damage)
             ... with a puff of flame
             ... on level 3 of the Dungeon.
             The game lasted 00:06:32 (1525 turns).

issech the Cudgeller (Troll Monk)                   Turns: 1525, Time: 00:06:33

Health: -1/44      AC:  4    Str: 19    XL:     4   Next: 1%
Magic:  3/3        EV: 10    Int:  6    God:
Gold:   83         SH:  0    Dex: 14    Spells: 3/3 levels left

rFire   . . .      SeeInvis .   a - +0 mace
rCold   . . .      Faith    .   (no shield)
rNeg    . . .      Spirit   .   b - +0 robe
rPois   .          Reflect  .   (helmet restricted)
rElec   .          Harm     .   (no cloak)
rCorr   .          Rampage  .   (gloves unavailable)
Will    .....                   (boots unavailable)
Stlth   ++........              (no amulet)
HPRegen 0.94/turn               (no ring)
MPRegen 0.08/turn               (no ring)

@: no status effects
A: large, unfitting armour, claws 3, regeneration 1, shaggy fur 1, tough skin 1
a: no special abilities


You were on level 3 of the Dungeon.
You visited 1 branch of the dungeon, and saw 3 of its levels.

You collected 83 gold pieces.

Inventory:

Hand Weapons
 a - a +0 mace (weapon)
 d - a +1 dagger of speed
 l - a +0 hunting sling
Missiles
 g - 121 stones (quivered)
 h - 28 sling bullets
 m - 2 poisoned darts
Armour
 b - a +0 robe (worn)
Scrolls
 c - 2 scrolls of amnesia
 j - a scroll of vulnerability
 k - a scroll of teleportation
 n - a scroll of silence {unknown}
Potions
 e - a potion of haste {unknown}
 i - a potion of might {unknown}
 o - a potion of ambrosia {unknown}
Miscellaneous
 p - a piece from Xom's chessboard (15/15)


   Skills:
 + Level 2.9 Fighting
 + Level 3.5 Maces & Flails
 + Level 2.9 Dodging
 + Level 1.1 Stealth


You had 3 spell levels left.
You didn't know any spells.
Your spell library contained the following spells:

 Spells                   Type           Power      Damage    Failure   Level
 Apportation              Tloc           0%         N/A       45%         1
 Alistair's Intoxication  Tmut/Pois      0%         N/A       100%        5


Dungeon Overview and Level Annotations

Branches:
Dungeon (3/15)

Altars:
Xom
Beogh

Shops:
D:3 *


Innate Abilities, Weirdness & Mutations

You are too large for most types of armour.
You have claws for hands.
Your natural rate of healing is unusually fast.
You are covered in fur. (AC +1)
You have tough skin. (AC +1)


Message History

You miss something.
You hear some strange, mumbled words.
A puff of flame appears from out of thin air!
The puff of flame hits you!
You miss something. Something hits you but does no damage.
You miss something. Something hits you.
The orc priest invokes the aid of Beogh against you.
Beogh smites you!
You hit something. Something hits you but does no damage.
You hear some strange, mumbled words.
A magic dart appears from out of thin air!
The magic dart hits you!
You hit something but do no damage. Something hits you but does no damage.
You barely miss something. Something hits you.
You miss something. Something hits you.
The orc priest casts a cantrip, but nothing happens.
The orc priest looks satisfied for a moment.
A magic dart appears from out of thin air!
The magic dart hits you.
An orc wizard appears from thin air!
Reactivating autopickup.
The orc wizard hits you with a +0 dagger.
The orc priest looks satisfied for a moment.
You hit the orc wizard.
The orc wizard is heavily wounded.
The orc wizard barely misses you.
The orc wizard hits you with a +0 dagger.
You barely miss the orc wizard.
The orc wizard is heavily wounded.
The orc wizard closely misses you.
The orc priest invokes the aid of Beogh against you.
Beogh smites you!
* * * LOW HITPOINT WARNING * * *
You hit the orc wizard.
The orc wizard is almost dead.
The orc wizard hits you but does no damage.
The orc priest looks encouraged for a moment.
The orc wizard points at you and mumbles some strange words.
The puff of flame hits you!
You die...

#.# ##.##.# #.####.##..
#......#### #.####...
#.# #.# ####.#.# #.#
#... #.# #.####
####.####.####.####..)..
.......@.oo..o......##..
##############......# .#
######## .# .# .# .. ##


You could see an orc priest, an orc wizard and an orc.

Vanquished Creatures
  An adder (D:2)
  A worm (D:2)
  2 dart slugs (D:1)
  2 orcs (D:3)
  4 bats
  4 endoplasms
  4 giant cockroaches (D:1)
  5 goblins
  6 hobgoblins
  4 jackals (D:1)
  4 kobolds
  2 quokkas
  4 rats
  2 butterflies (D:3)
45 creatures vanquished.

Notes
Turn   | Place    | Note
-------+----------+-------------------------------------------
     0 | D:1      | issech the Troll Monk began the quest for the Orb.
     0 | D:1      | Reached XP level 1. HP: 22/22 MP: 0/0
    92 | D:1      | Reached XP level 2. HP: 27/29 MP: 1/1
   230 | D:1      | Reached skill level 3 in Maces & Flails
   437 | D:1      | Reached XP level 3. HP: 36/36 MP: 2/2
   670 | D:1      | Found a faded altar of an unknown god.
  1391 | D:3      | Found a shimmering altar of Xom.
  1449 | D:3      | Found Gozag's Platinum Reserve.
  1501 | D:3      | Reached XP level 4. HP: 43/44 MP: 3/3
  1525 | D:3      | Killed from afar by an orc wizard

Illustrated notes

Levels and vault maps discovered:
D:1:      wander_arrival_chamber, layout_loops_cross,
          hellmonk_ecumenical_altar_defaced_shrine,
          chequers_serial_rivers_small_a
D:2:      layout_rooms
D:3:      layout_basic, xom_butterflies, nicolae_gozag_zags_fifth_avenue,
          minmay_increasing_density, uniq_sigmund

Skill      XL: |  1  2 |
---------------+-------+-----
Maces & Flails | 3 |  3.5
Fighting       | |  2.9
Dodging        | |  2.9
Stealth        | |  1.1

Action                   |  1- 3 |  4- 6 || total
-------------------------+-------+-------++-------
Melee: Mace              |   158 |    10 ||   168
       Punch             |     1 |       ||     1
  Use: Scroll            |     3 |       ||     3
 Stab: Sleeping          |     2 |       ||     2
Armor: Robe              |    70 |     4 ||    74
Dodge: Dodged            |   116 |     2 ||   118
